Arizona Coyotes vs Montreal Canadiens
Created - Sunday, January 18, 2026 at 13:05
Goals
|
| Arizona Coyotes |
0 |
2 |
2 |
4 |
| Montreal Canadiens |
0 |
2 |
0 |
2 |
|
Shots
|
| Arizona Coyotes |
11 |
15 |
5 |
31 |
| Montreal Canadiens |
11 |
14 |
5 |
30 |
|
1st period
No Goal
Penalties :
Macklin Celebrini (MTL) for Delaying the game (Minor) at 16:50
2nd period
1. Montreal Canadiens , Lane Hutson 2 (Owen Power 2, Macklin Celebrini 2) at 8:54
2. Montreal Canadiens , Macklin Celebrini 1 (Brad Marchand 2) at 13:24 (PP)
3. Arizona Coyotes , Erik Haula 2 (Ross Colton 4, Tyler Bertuzzi 3) at 14:57
4. Arizona Coyotes , Ondrej Palat 2 (Ross Colton 5, Erik Haula 2) at 17:21
Penalties :
Radko Gudas (AZC) for Tripping (Minor) at 4:07, Brayden McNabb (AZC) for Tripping (Minor) at 12:04
3rd period
5. Arizona Coyotes , Aliaksei Protas 2 (Mats Zuccarello 2, Jared Spurgeon 1) at 7:17
6. Arizona Coyotes , Erik Haula 3 (Nick Seeler 1) at 17:22
Penalties :
Teddy Blueger (MTL) for Hooking (Minor) at 0:38, Martin Necas (MTL) for Fighting (Major) at 7:22, Radko Gudas (AZC) for Fighting (Major) at 7:22, Mason McTavish (AZC) for Cross-checking (Minor) at 8:34
Goalie Stats
Elvis Merzlikins (AZC), 28 saves from 30 shots - (0.933), W, 4-0-0, 60:00 minutes
Stuart Skinner (MTL), 27 saves from 31 shots - (0.871), L, 1-3-0, 60:00 minutes
Players Stats for Arizona Coyotes
Player Name G A P +/- PIM S H SB GA TA FO MP PP MP PK MP
------------------------------------------------------------------------------------
Aliaksei Protas 1 0 1 1 0 2 3 0 0 1 5/19 16:28 1:56 0:00
Anders Lee 0 0 0 -1 0 0 1 0 1 0 2/4 18:33 2:02 2:38
Brayden McNabb 0 0 0 3 2 0 1 2 0 2 0/0 21:30 2:16 1:55
Charlie Coyle 0 0 0 -1 0 0 3 0 2 0 6/11 18:33 2:02 2:38
Erik Haula 2 1 3 3 0 3 0 1 0 0 1/3 9:05 0:00 0:00
Jared Spurgeon 0 1 1 3 0 2 1 0 1 3 0/0 22:20 2:16 2:34
Johnathan Kovacevic 0 0 0 -1 0 1 3 0 0 1 0/0 25:51 1:42 3:45
Kiefer Sherwood 0 0 0 -1 0 4 1 0 0 0 2/5 17:52 2:02 2:28
Mason McTavish 0 0 0 0 2 3 0 1 1 0 4/11 13:42 0:00 0:03
Mats Zuccarello 0 1 1 1 0 4 1 1 0 0 0/2 19:03 1:56 2:30
Matt Dumba 0 0 0 1 0 1 1 2 1 0 0/0 14:01 0:00 1:49
Nick Seeler 0 1 1 1 0 0 3 0 0 1 0/0 13:59 0:00 0:05
Ondrej Palat 1 0 1 3 0 3 2 0 0 0 0/0 9:05 0:00 0:00
Radko Gudas 0 0 0 -1 7 0 1 1 0 0 0/0 22:21 1:42 0:28
Ross Colton 0 2 2 3 0 2 2 0 0 0 0/0 9:05 0:00 0:00
Ryan Donato 0 0 0 0 0 2 2 1 1 0 1/2 13:16 0:00 0:07
Tyler Bertuzzi 0 1 1 1 0 2 2 0 2 1 0/0 16:28 1:56 0:00
Vladimir Tarasenko 0 0 0 0 0 2 0 1 0 0 1/1 13:26 0:00 0:12
Players Stats for Montreal Canadiens
Player Name G A P +/- PIM S H SB GA TA FO MP PP MP PK MP
------------------------------------------------------------------------------------
Adam Fox 0 0 0 -1 0 1 1 0 0 1 0/0 16:18 2:21 0:00
Arttu Hyry 0 0 0 -2 0 1 3 0 0 0 0/1 14:31 0:25 0:00
Brad Marchand 0 1 1 1 0 4 3 0 1 0 0/0 15:00 2:30 0:53
Brady Skjei 0 0 0 -1 0 2 1 2 0 2 0/0 23:02 0:00 2:17
Damon Severson 0 0 0 -1 0 0 0 2 0 1 0/0 20:40 2:57 1:41
Drew O'Connor 0 0 0 -2 0 0 1 1 0 0 1/1 14:50 0:22 2:08
Dylan Larkin 0 0 0 1 0 1 0 0 1 0 0/0 14:34 2:25 0:06
Jake Evans 0 0 0 -2 0 0 0 0 2 0 5/11 14:25 0:00 1:52
Josh Manson 0 0 0 -1 0 0 3 0 0 2 0/0 17:43 0:00 2:17
Juraj Slafkovsky 0 0 0 0 0 2 1 0 1 1 0/0 15:45 2:41 0:17
Justin Hryckowian 0 0 0 -2 0 4 1 0 0 0 0/0 14:06 0:00 0:00
Lane Hutson 1 0 1 -1 0 1 2 1 0 0 0/0 16:18 2:21 0:00
Macklin Celebrini 1 1 2 1 2 3 1 0 1 0 12/15 14:50 2:17 0:00
Martin Necas 0 0 0 -2 5 3 2 1 1 0 0/2 13:05 1:48 0:00
Owen Power 0 1 1 -1 0 1 2 3 0 0 0/0 25:59 2:57 1:41
Patrik Laine 0 0 0 0 0 5 1 0 1 0 0/1 14:55 2:41 0:00
Ryan Poehling 0 0 0 0 0 1 4 0 0 1 10/15 14:26 0:45 1:33
Teddy Blueger 0 0 0 -2 2 1 1 0 1 1 8/12 15:32 0:00 1:07
3 Stars
1 - Erik Haula (AZC)
2 - Ross Colton (AZC)
3 - Ondrej Palat (AZC)
Power Play
Arizona Coyotes - 0 on 2 Attempt(s) - 0.00%
Montreal Canadiens - 1 on 3 Attempt(s) - 33.33%
Penalty Kill
Arizona Coyotes - 2 on 3 Attempt(s) - 66.67%
- Score 0 goal in Penalty Kill
Montreal Canadiens - 2 on 2 Attempt(s) - 100.00%
- Score 0 goal in Penalty Kill
Team Stat
Arizona Coyotes - Hits : 27 - Faceoff Wins : 22 - Blocked Shots : 10 - Penalty Minutes : 11
Montreal Canadiens - Hits : 27 - Faceoff Wins : 36 - Blocked Shots : 10 - Penalty Minutes : 9
Official
Referees : Mitch Dunning and Brandon Blandina
Linesman : Matt MacPherson and Ryan Jackson
Game Notes
13:20 of 2nd period - Montreal Canadiens goal is going for a video replay. After video review, No Goal. The referee deems the play has been stopped, even if he had not physically had the opportunity to stop play by blowing his whistle.
Martin Necas and Radko Gudas fight to a draw at 7:22 of 3rd period
Finance
Level 1 -- Attendance: 5287 (88.12%) -- Ticket Income $491,691
Level 2 -- Attendance: 4489 (89.78%) -- Ticket Income $237,917
Level 3 -- Attendance: 2795 (93.17%) -- Ticket Income $89,440
Level 4 -- Attendance: 4370 (87.40%) -- Ticket Income $96,140
Luxury Box -- Attendance: 819 (81.90%) -- Ticket Income $159,705
Game was played at the Bell Centre.
Total Attendance: 17760 (88.80%)
Total Ticket Income: $1,074,893
Other Income: $376,213
Total Income: $1,451,106
Arizona Coyotes
5 vs 5 Forward
Center Left Wing Right Wing Time % Phy DF OF
1 Charlie Coyle Anders Lee Kiefer Sherwood 30 1 2 2
2 Aliaksei Protas Mats Zuccarello Tyler Bertuzzi 30 1 2 2
3 Mason McTavish Ryan Donato Vladimir Tarasenko 25 1 2 2
4 Erik Haula Ross Colton Ondrej Palat 15 1 2 2
5 vs 5 Defense
Defense Defense Time % Phy DF OF
1 Radko Gudas Johnathan Kovacevic 35 1 2 2
2 Brayden McNabb Jared Spurgeon 33 1 2 2
3 Nick Seeler Matt Dumba 22 1 2 2
4 Radko Gudas Johnathan Kovacevic 10 1 2 2
PowerPlay Forward
Center Left Wing Right Wing Time % Phy DF OF
1 Charlie Coyle Anders Lee Kiefer Sherwood 50 1 2 2
2 Aliaksei Protas Mats Zuccarello Tyler Bertuzzi 50 1 2 2
PowerPlay Defense
Defense Defense Time % Phy DF OF
1 Radko Gudas Johnathan Kovacevic 50 1 2 2
2 Brayden McNabb Jared Spurgeon 50 1 2 2
Penalty Kill 4 Players Forward
Center Wing Time % Phy DF OF
1 Anders Lee Charlie Coyle 50 1 2 2
2 Kiefer Sherwood Mats Zuccarello 50 1 2 2
Penalty Kill 4 Players Defense
Defense Defense Time % Phy DF OF
1 Radko Gudas Johnathan Kovacevic 50 1 2 2
2 Brayden McNabb Jared Spurgeon 50 1 2 2
Penalty Kill - 3 Players Forward
Forward Time % Phy DF OF
1 Anders Lee 50 1 2 2
2 Charlie Coyle 50 1 2 2
Penalty Kill - 3 Players Defense
Defense Defense Time % Phy DF OF
1 Radko Gudas Johnathan Kovacevic 50 1 2 2
2 Brayden McNabb Jared Spurgeon 50 1 2 2
4 vs 4 Forward
Center Wing Time % Phy DF OF
1 Anders Lee Charlie Coyle 50 1 2 2
2 Kiefer Sherwood Mats Zuccarello 50 1 2 2
4 vs 4 Defense
Defense Defense Time % Phy DF OF
1 Radko Gudas Johnathan Kovacevic 50 1 2 2
2 Brayden McNabb Jared Spurgeon 50 1 2 2
Last Minutes Offensive
Center Left Wing Right Wing Defense Defense
Charlie Coyle Anders Lee Kiefer Sherwood Radko Gudas Johnathan Kovacevic
Last Minutes Defensive
Center Left Wing Right Wing Defense Defense
Charlie Coyle Anders Lee Kiefer Sherwood Radko Gudas Johnathan Kovacevic
Goaltenders
Starting : Elvis Merzlikins
Backup : Tristan Jarry
Extra Forwards
Normal : Mason McTavish, Ryan Donato, Vladimir Tarasenko - PP : Mason McTavish, Ryan Donato - PK : Vladimir Tarasenko
Extra Defensemen
Normal : Nick Seeler, Radko Gudas, Brayden McNabb - PP : Nick Seeler - PK : Johnathan Kovacevic, Brayden McNabb
Penalty Shots
Anders Lee, Charlie Coyle, Kiefer Sherwood, Mats Zuccarello, Aliaksei Protas
Scratches
Anthony DeAngelo (Healthy), Corson Ceulemans (Healthy), Dyllan Gill (Healthy), Carter Hart (Healthy)
Montreal Canadiens
5 vs 5 Forward
Center Left Wing Right Wing Time % Phy DF OF
1 Jake Evans Drew O'Connor Martin Necas 25 1 3 1
2 Macklin Celebrini Dylan Larkin Brad Marchand 25 0 1 4
3 Ryan Poehling Juraj Slafkovsky Patrik Laine 25 0 1 4
4 Teddy Blueger Justin Hryckowian Arttu Hyry 25 1 3 1
5 vs 5 Defense
Defense Defense Time % Phy DF OF
1 Josh Manson Brady Skjei 30 1 4 0
2 Owen Power Damon Severson 30 1 4 0
3 Adam Fox Lane Hutson 25 1 4 0
4 Brady Skjei Owen Power 15 1 4 0
PowerPlay Forward
Center Left Wing Right Wing Time % Phy DF OF
1 Macklin Celebrini Dylan Larkin Brad Marchand 50 0 0 5
2 Martin Necas Juraj Slafkovsky Patrik Laine 50 0 0 5
PowerPlay Defense
Defense Defense Time % Phy DF OF
1 Adam Fox Lane Hutson 50 0 0 5
2 Owen Power Damon Severson 50 0 1 4
Penalty Kill 4 Players Forward
Center Wing Time % Phy DF OF
1 Ryan Poehling Jake Evans 50 0 5 0
2 Teddy Blueger Drew O'Connor 50 0 5 0
Penalty Kill 4 Players Defense
Defense Defense Time % Phy DF OF
1 Josh Manson Brady Skjei 50 0 5 0
2 Owen Power Damon Severson 50 0 5 0
Penalty Kill - 3 Players Forward
Forward Time % Phy DF OF
1 Jake Evans 50 0 5 0
2 Ryan Poehling 50 0 5 0
Penalty Kill - 3 Players Defense
Defense Defense Time % Phy DF OF
1 Josh Manson Brady Skjei 50 0 5 0
2 Owen Power Damon Severson 50 0 5 0
4 vs 4 Forward
Center Wing Time % Phy DF OF
1 Macklin Celebrini Martin Necas 50 1 2 2
2 Dylan Larkin Ryan Poehling 50 1 2 2
4 vs 4 Defense
Defense Defense Time % Phy DF OF
1 Lane Hutson Adam Fox 50 1 2 2
2 Brady Skjei Damon Severson 50 1 2 2
Last Minutes Offensive
Center Left Wing Right Wing Defense Defense
Macklin Celebrini Dylan Larkin Brad Marchand Lane Hutson Adam Fox
Last Minutes Defensive
Center Left Wing Right Wing Defense Defense
Jake Evans Ryan Poehling Drew O'Connor Brady Skjei Owen Power
Goaltenders
Starting : Stuart Skinner
Backup : Pyotr Kochetkov
Extra Forwards
Normal : Macklin Celebrini, Brad Marchand, Dylan Larkin - PP : Macklin Celebrini, Brad Marchand - PK : Jake Evans
Extra Defensemen
Normal : Brady Skjei, Owen Power, Damon Severson - PP : Lane Hutson - PK : Brady Skjei, Owen Power
Penalty Shots
Patrik Laine, Teddy Blueger, Ryan Poehling, Dylan Larkin, Arttu Hyry
Scratches
David Rittich (Healthy)
% Time on Ice - Arizona Coyotes
Lines # - Real PCT - Wanted PCT - Time Play
Normal Forward
1 - 27% - 30% - 13:53
2 - 29% - 30% - 14:37
3 - 26% - 25% - 13:09
4 - 18% - 15% - 9:05
Normal Defense
1 - 36% - 35% - 18:12
2 - 33% - 33% - 16:35
3 - 24% - 22% - 12:06
4 - 8% - 10% - 3:51
PP Forward
1 - 51% - 50% - 2:02
2 - 49% - 50% - 1:56
PP Defense
1 - 43% - 50% - 1:42
2 - 57% - 50% - 2:16
PK Forward
1 - 52% - 50% - 2:45
2 - 48% - 50% - 2:33
PK Defense
1 - 60% - 50% - 3:12
2 - 40% - 50% - 2:06
PK3 Forward
1 - 0% - 50%
2 - 0% - 50%
PK3 Defense
1 - 0% - 50%
2 - 0% - 50%
44 Forward
1 - 0% - 50%
2 - 0% - 50%
44 Defense
1 - 0% - 50%
2 - 0% - 50%
Last Minute Offensive - 0:00
Last Minute Defensive - 0:00
Total
Forward - 60:00
Defense - 60:00
|
% Time on Ice - Montreal Canadiens
Lines # - Real PCT - Wanted PCT - Time Play
Normal Forward
1 - 25% - 25% - 12:37
2 - 23% - 25% - 11:53
3 - 24% - 25% - 12:08
4 - 28% - 25% - 14:06
Normal Defense
1 - 31% - 30% - 15:50
2 - 31% - 30% - 15:33
3 - 27% - 25% - 13:33
4 - 11% - 15% - 5:48
PP Forward
1 - 42% - 50% - 2:12
2 - 58% - 50% - 3:06
PP Defense
1 - 44% - 50% - 2:21
2 - 56% - 50% - 2:57
PK Forward
1 - 39% - 50% - 1:33
2 - 61% - 50% - 2:25
PK Defense
1 - 58% - 50% - 2:17
2 - 42% - 50% - 1:41
PK3 Forward
1 - 0% - 50%
2 - 0% - 50%
PK3 Defense
1 - 0% - 50%
2 - 0% - 50%
44 Forward
1 - 0% - 50%
2 - 0% - 50%
44 Defense
1 - 0% - 50%
2 - 0% - 50%
Last Minute Offensive - 0:00
Last Minute Defensive - 0:00
Total
Forward - 60:00
Defense - 60:00
|
Play-by-Play
1st period
0:01 of 1st period - Jake Evans wins face-off versus Charlie Coyle in neutral zone.
0:08 of 1st period - Snap shot by Martin Necas.
0:08 of 1st period - Shot Blocked by Radko Gudas.
0:10 of 1st period - Slapshot by Brady Skjei.
0:10 of 1st period - Deflect By Martin Necas.
0:10 of 1st period - Stopped by Elvis Merzlikins with a rebound.
0:12 of 1st period - Slapshot by Brady Skjei.
0:12 of 1st period - Shot Misses the Net.
0:14 of 1st period - Slapshot by Brady Skjei.
0:14 of 1st period - Stopped by Elvis Merzlikins without a rebound.
0:15 of 1st period - Macklin Celebrini wins face-off versus Aliaksei Protas in Arizona Coyotes zone.
0:18 of 1st period - Snap shot by Macklin Celebrini.
0:18 of 1st period - Shot Misses the Net.
0:20 of 1st period - Snap shot by Macklin Celebrini.
0:20 of 1st period - Stopped by Elvis Merzlikins without a rebound.
0:21 of 1st period - Macklin Celebrini wins face-off versus Aliaksei Protas in Arizona Coyotes zone.
0:26 of 1st period - Snap shot by Macklin Celebrini.
0:26 of 1st period - Shot Misses the Net.
0:52 of 1st period - Snap shot by Juraj Slafkovsky.
0:52 of 1st period - Deflect By Patrik Laine.
0:52 of 1st period - Shot Misses the Net.
0:52 of 1st period - Puck is out of play.
0:53 of 1st period - Teddy Blueger wins face-off versus Mason McTavish in Arizona Coyotes zone.
0:54 of 1st period - Slapshot by Lane Hutson.
0:54 of 1st period - Shot Blocked by Ryan Donato.
1:08 of 1st period - Wrist shot by Justin Hryckowian.
1:08 of 1st period - Stopped by Elvis Merzlikins with a rebound.
1:18 of 1st period - Icing by Adam Fox.
1:19 of 1st period - Erik Haula wins face-off versus Ryan Poehling in Montreal Canadiens zone.
1:22 of 1st period - Snap shot by Ross Colton.
1:22 of 1st period - Shot Blocked by Brady Skjei.
1:26 of 1st period - Snap shot by Ross Colton.
1:26 of 1st period - Stopped by Stuart Skinner with a rebound.
1:28 of 1st period - Snap shot by Radko Gudas.
1:28 of 1st period - Shot Misses the Net.
1:30 of 1st period - Snap shot by Johnathan Kovacevic.
1:30 of 1st period - Deflect By Ondrej Palat.
1:30 of 1st period - Stopped by Stuart Skinner with a rebound.
1:50 of 1st period - Wrist shot by Martin Necas.
1:50 of 1st period - Shot Misses the Net.
2:14 of 1st period - Slapshot by Justin Hryckowian.
2:14 of 1st period - Shot Misses the Net.
2:16 of 1st period - Snap shot by Teddy Blueger.
2:16 of 1st period - Stopped by Elvis Merzlikins with a rebound.
2:30 of 1st period - Brayden McNabb is hit by Brad Marchand and loses puck.
2:37 of 1st period - Slapshot by Brad Marchand.
2:37 of 1st period - Shot Misses the Net.
2:49 of 1st period - Erik Haula is hit by Lane Hutson and loses puck.
3:18 of 1st period - Matt Dumba is hit by Justin Hryckowian and loses puck.
3:29 of 1st period - Drew O'Connor is hit by Tyler Bertuzzi and loses puck.
4:34 of 1st period - Johnathan Kovacevic is hit by Arttu Hyry and loses puck.
4:42 of 1st period - Icing by Johnathan Kovacevic.
4:43 of 1st period - Jake Evans wins face-off versus Charlie Coyle in Arizona Coyotes zone.
5:28 of 1st period - Backhand shot by Mats Zuccarello.
5:28 of 1st period - Stopped by Stuart Skinner without a rebound.
5:29 of 1st period - Ryan Poehling wins face-off versus Mason McTavish in Montreal Canadiens zone.
5:34 of 1st period - Snap shot by Ryan Donato.
5:34 of 1st period - Shot Blocked by Damon Severson.
5:36 of 1st period - Slapshot by Vladimir Tarasenko.
5:36 of 1st period - Stopped by Stuart Skinner without a rebound.
5:37 of 1st period - Mason McTavish wins face-off versus Ryan Poehling in Montreal Canadiens zone.
5:54 of 1st period - Nick Seeler is hit by Ryan Poehling and loses puck.
6:05 of 1st period - Snap shot by Mason McTavish.
6:05 of 1st period - Stopped by Stuart Skinner without a rebound.
6:06 of 1st period - Teddy Blueger wins face-off versus Aliaksei Protas in Montreal Canadiens zone.
6:15 of 1st period - Wrist shot by Justin Hryckowian.
6:15 of 1st period - Stopped by Elvis Merzlikins with a rebound.
6:17 of 1st period - Slapshot by Brady Skjei.
6:17 of 1st period - Shot Misses the Net.
7:01 of 1st period - Slapshot by Patrik Laine.
7:01 of 1st period - Shot Blocked by Brayden McNabb.
7:05 of 1st period - Snap shot by Juraj Slafkovsky.
7:05 of 1st period - Shot Blocked by Erik Haula.
7:07 of 1st period - Wrist shot by Ryan Poehling.
7:07 of 1st period - Stopped by Elvis Merzlikins without a rebound.
7:08 of 1st period - Jake Evans wins face-off versus Aliaksei Protas in Arizona Coyotes zone.
7:34 of 1st period - Johnathan Kovacevic is hit by Arttu Hyry and loses puck.
7:49 of 1st period - Nick Seeler is hit by Teddy Blueger and loses puck.
8:02 of 1st period - Snap shot by Juraj Slafkovsky.
8:02 of 1st period - Stopped by Elvis Merzlikins without a rebound.
8:03 of 1st period - Mason McTavish wins face-off versus Ryan Poehling in Arizona Coyotes zone.
8:52 of 1st period - Brady Skjei is hit by Charlie Coyle and loses puck.
9:09 of 1st period - Backhand shot by Kiefer Sherwood.
9:09 of 1st period - Stopped by Stuart Skinner without a rebound.
9:10 of 1st period - Teddy Blueger wins face-off versus Erik Haula in Montreal Canadiens zone.
10:26 of 1st period - Wrist shot by Patrik Laine.
10:26 of 1st period - Stopped by Elvis Merzlikins with a rebound.
10:47 of 1st period - Charlie Coyle is hit by Martin Necas and loses puck.
11:08 of 1st period - Snap shot by Brad Marchand.
11:08 of 1st period - Stopped by Elvis Merzlikins with a rebound.
11:27 of 1st period - Snap shot by Anders Lee.
11:27 of 1st period - Shot Misses the Net.
11:29 of 1st period - Snap shot by Kiefer Sherwood.
11:29 of 1st period - Stopped by Stuart Skinner with a rebound.
11:41 of 1st period - Justin Hryckowian is hit by Charlie Coyle and loses puck.
11:47 of 1st period - Icing by Brady Skjei.
11:48 of 1st period - Teddy Blueger wins face-off versus Aliaksei Protas in Montreal Canadiens zone.
11:48 of 1st period - Teddy Blueger is hit by Johnathan Kovacevic.
11:54 of 1st period - Snap shot by Justin Hryckowian.
11:54 of 1st period - Stopped by Elvis Merzlikins without a rebound.
11:55 of 1st period - Aliaksei Protas wins face-off versus Jake Evans in Arizona Coyotes zone.
12:20 of 1st period - Johnathan Kovacevic is hit by Juraj Slafkovsky and loses puck.
12:57 of 1st period - Snap shot by Dylan Larkin.
12:57 of 1st period - Shot Misses the Net.
12:59 of 1st period - Slapshot by Damon Severson.
12:59 of 1st period - Shot Misses the Net.
13:18 of 1st period - Wrist shot by Ryan Donato.
13:18 of 1st period - Stopped by Stuart Skinner with a rebound.
13:44 of 1st period - Snap shot by Ryan Donato.
13:44 of 1st period - Shot Blocked by Brady Skjei.
14:36 of 1st period - Patrik Laine is hit by Aliaksei Protas and loses puck.
16:38 of 1st period - Icing by Charlie Coyle.
16:39 of 1st period - Macklin Celebrini wins face-off versus Charlie Coyle in Arizona Coyotes zone.
16:47 of 1st period - Off-side.
16:48 of 1st period - Macklin Celebrini wins face-off versus Aliaksei Protas in neutral zone.
16:50 of 1st period - Minor Penalty to Macklin Celebrini for Delaying the game.
16:51 of 1st period - Ryan Poehling wins face-off versus Charlie Coyle in Montreal Canadiens zone.
16:59 of 1st period - Teddy Blueger is hit by Johnathan Kovacevic and loses puck.
17:10 of 1st period - Kiefer Sherwood is hit by Josh Manson and loses puck.
17:29 of 1st period - Snap shot by Aliaksei Protas.
17:29 of 1st period - Stopped by Stuart Skinner with a rebound.
17:31 of 1st period - Wrist shot by Mats Zuccarello.
17:31 of 1st period - Stopped by Stuart Skinner with a rebound.
17:33 of 1st period - Wrist shot by Mats Zuccarello.
17:33 of 1st period - Deflect By Tyler Bertuzzi.
17:33 of 1st period - Shot Misses the Net.
17:33 of 1st period - Puck is out of play.
17:34 of 1st period - Ryan Poehling wins face-off versus Aliaksei Protas in Montreal Canadiens zone.
18:50 of 1st period - Penalty to Macklin Celebrini is over, Macklin Celebrini is back on ice.
19:20 of 1st period - Erik Haula is hit by Ryan Poehling and loses puck.
19:43 of 1st period - Snap shot by Ondrej Palat.
19:43 of 1st period - Stopped by Stuart Skinner with a rebound.
Goals for this period are 0 for Arizona Coyotes vs 0 for Montreal Canadiens.
Shots for this period are 11 for Arizona Coyotes vs 11 for Montreal Canadiens.
2nd period
0:01 of 2nd period - Aliaksei Protas wins face-off versus Ryan Poehling in neutral zone.
0:27 of 2nd period - Wrist shot by Charlie Coyle.
0:27 of 2nd period - Shot Misses the Net.
0:47 of 2nd period - Slapshot by Patrik Laine.
0:47 of 2nd period - Shot Blocked by Mason McTavish.
0:49 of 2nd period - Slapshot by Patrik Laine.
0:49 of 2nd period - Shot Misses the Net.
0:51 of 2nd period - Slapshot by Owen Power.
0:51 of 2nd period - Stopped by Elvis Merzlikins with a rebound.
0:53 of 2nd period - Slapshot by Patrik Laine.
0:53 of 2nd period - Stopped by Elvis Merzlikins with a rebound.
0:57 of 2nd period - Slapshot by Juraj Slafkovsky.
0:57 of 2nd period - Shot Blocked by Vladimir Tarasenko.
1:07 of 2nd period - Wrist shot by Patrik Laine.
1:07 of 2nd period - Shot Misses the Net.
1:09 of 2nd period - Wrist shot by Patrik Laine.
1:09 of 2nd period - Stopped by Elvis Merzlikins without a rebound.
1:10 of 2nd period - Jake Evans wins face-off versus Aliaksei Protas in Arizona Coyotes zone.
1:44 of 2nd period - Off-side.
1:45 of 2nd period - Macklin Celebrini wins face-off versus Mason McTavish in neutral zone.
1:50 of 2nd period - Slapshot by Brad Marchand.
1:50 of 2nd period - Stopped by Elvis Merzlikins without a rebound.
1:51 of 2nd period - Mason McTavish wins face-off versus Macklin Celebrini in Arizona Coyotes zone.
2:01 of 2nd period - Snap shot by Jared Spurgeon.
2:01 of 2nd period - Stopped by Stuart Skinner without a rebound.
2:02 of 2nd period - Aliaksei Protas wins face-off versus Arttu Hyry in Montreal Canadiens zone.
2:58 of 2nd period - Off-side.
2:59 of 2nd period - Charlie Coyle wins face-off versus Jake Evans in neutral zone.
3:02 of 2nd period - Lane Hutson is hit by Kiefer Sherwood and loses puck.
3:07 of 2nd period - Wrist shot by Charlie Coyle.
3:07 of 2nd period - Deflect By Kiefer Sherwood.
3:07 of 2nd period - Shot Blocked by Lane Hutson.
3:07 of 2nd period - Puck is out of play.
3:08 of 2nd period - Jake Evans wins face-off versus Charlie Coyle in Montreal Canadiens zone.
3:54 of 2nd period - Snap shot by Kiefer Sherwood.
3:54 of 2nd period - Stopped by Stuart Skinner without a rebound.
3:55 of 2nd period - Macklin Celebrini wins face-off versus Mason McTavish in Montreal Canadiens zone.
4:07 of 2nd period - Minor Penalty to Radko Gudas for Tripping.
4:08 of 2nd period - Macklin Celebrini wins face-off versus Kiefer Sherwood in Arizona Coyotes zone.
4:24 of 2nd period - Brayden McNabb is hit by Macklin Celebrini and loses puck.
6:07 of 2nd period - Penalty to Radko Gudas is over, Radko Gudas is back on ice.
6:37 of 2nd period - Drew O'Connor is hit by Nick Seeler.
6:47 of 2nd period - Backhand shot by Mats Zuccarello.
6:47 of 2nd period - Shot Misses the Net.
7:16 of 2nd period - Damon Severson is hit by Ondrej Palat and loses puck.
7:41 of 2nd period - Wrist shot by Martin Necas.
7:41 of 2nd period - Stopped by Elvis Merzlikins without a rebound.
7:42 of 2nd period - Anders Lee wins face-off versus Macklin Celebrini in Arizona Coyotes zone.
8:01 of 2nd period - Charlie Coyle is hit by Josh Manson and loses puck.
8:27 of 2nd period - Brad Marchand is hit by Johnathan Kovacevic and loses puck.
8:44 of 2nd period - Snap shot by Dylan Larkin.
8:44 of 2nd period - Stopped by Elvis Merzlikins with a rebound.
8:46 of 2nd period - Slapshot by Owen Power.
8:46 of 2nd period - Shot Misses the Net.
8:50 of 2nd period - Wrist shot by Macklin Celebrini.
8:50 of 2nd period - Stopped by Elvis Merzlikins with a rebound.
8:52 of 2nd period - Slapshot by Owen Power.
8:52 of 2nd period - Shot Misses the Net.
8:54 of 2nd period - Slapshot by Lane Hutson.
8:54 of 2nd period - Goal by Lane Hutson - Arizona Coyotes : 0 - Montreal Canadiens : 1.
8:55 of 2nd period - Ryan Poehling wins face-off versus Aliaksei Protas in neutral zone.
8:58 of 2nd period - Wrist shot by Patrik Laine.
8:58 of 2nd period - Stopped by Elvis Merzlikins with a rebound.
9:22 of 2nd period - Damon Severson is hit by Nick Seeler and loses puck.
9:28 of 2nd period - Owen Power is hit by Ryan Donato and loses puck.
9:31 of 2nd period - Wrist shot by Teddy Blueger.
9:31 of 2nd period - Shot Misses the Net.
9:33 of 2nd period - Snap shot by Teddy Blueger.
9:33 of 2nd period - Shot Blocked by Matt Dumba.
9:43 of 2nd period - Lane Hutson is hit by Ondrej Palat and loses puck.
9:53 of 2nd period - Snap shot by Erik Haula.
9:53 of 2nd period - Stopped by Stuart Skinner with a rebound.
9:55 of 2nd period - Slapshot by Matt Dumba.
9:55 of 2nd period - Deflect By Adam Fox.
9:55 of 2nd period - Stopped by Stuart Skinner with a rebound.
10:05 of 2nd period - Johnathan Kovacevic is hit by Patrik Laine and loses puck.
10:09 of 2nd period - Icing by Aliaksei Protas.
10:10 of 2nd period - Ryan Poehling wins face-off versus Aliaksei Protas in Arizona Coyotes zone.
10:29 of 2nd period - Wrist shot by Mats Zuccarello.
10:29 of 2nd period - Deflect By Tyler Bertuzzi.
10:29 of 2nd period - Stopped by Stuart Skinner without a rebound.
10:30 of 2nd period - Macklin Celebrini wins face-off versus Mason McTavish in Montreal Canadiens zone.
10:39 of 2nd period - Snap shot by Ryan Donato.
10:39 of 2nd period - Stopped by Stuart Skinner with a rebound.
11:02 of 2nd period - Slapshot by Tyler Bertuzzi.
11:02 of 2nd period - Stopped by Stuart Skinner with a rebound.
11:04 of 2nd period - Wrist shot by Mats Zuccarello.
11:04 of 2nd period - Stopped by Stuart Skinner without a rebound.
11:05 of 2nd period - Ryan Poehling wins face-off versus Aliaksei Protas in Montreal Canadiens zone.
11:14 of 2nd period - Snap shot by Mats Zuccarello.
11:14 of 2nd period - Deflect By Tyler Bertuzzi.
11:14 of 2nd period - Shot Misses the Net.
11:14 of 2nd period - Puck is out of play.
11:15 of 2nd period - Ryan Poehling wins face-off versus Mats Zuccarello in Montreal Canadiens zone.
11:15 of 2nd period - Ryan Poehling is hit by Brayden McNabb.
11:53 of 2nd period - Wrist shot by Juraj Slafkovsky.
11:53 of 2nd period - Shot Hit the Post.
12:04 of 2nd period - Minor Penalty to Brayden McNabb for Tripping.
12:05 of 2nd period - Anders Lee wins face-off versus Macklin Celebrini in Arizona Coyotes zone.
12:09 of 2nd period - Wrist shot by Johnathan Kovacevic.
12:09 of 2nd period - Stopped by Stuart Skinner without a rebound.
12:10 of 2nd period - Macklin Celebrini wins face-off versus Anders Lee in Montreal Canadiens zone.
12:32 of 2nd period - Icing by Damon Severson.
12:33 of 2nd period - Kiefer Sherwood wins face-off versus Martin Necas in Montreal Canadiens zone.
12:36 of 2nd period - Wrist shot by Kiefer Sherwood.
12:36 of 2nd period - Stopped by Stuart Skinner without a rebound.
12:37 of 2nd period - Kiefer Sherwood wins face-off versus Martin Necas in Montreal Canadiens zone.
13:18 of 2nd period - Slapshot by Martin Necas.
13:18 of 2nd period - Stopped by Elvis Merzlikins with a rebound.
13:20 of 2nd period - Snap shot by Juraj Slafkovsky.
13:20 of 2nd period - Montreal Canadiens goal is going for a video replay.
13:20 of 2nd period - The goal is refused. The referee deems the play has been stopped, even if he had not physically had the opportunity to stop play by blowing his whistle..
13:21 of 2nd period - Macklin Celebrini wins face-off versus Kiefer Sherwood in Arizona Coyotes zone.
13:24 of 2nd period - Snap shot by Macklin Celebrini.
13:24 of 2nd period - Goal by Macklin Celebrini - Arizona Coyotes : 0 - Montreal Canadiens : 2.
13:25 of 2nd period - Teddy Blueger wins face-off versus Mason McTavish in neutral zone.
13:34 of 2nd period - Wrist shot by Mason McTavish.
13:34 of 2nd period - Stopped by Stuart Skinner with a rebound.
13:36 of 2nd period - Snap shot by Mason McTavish.
13:36 of 2nd period - Shot Misses the Net.
13:38 of 2nd period - Slapshot by Vladimir Tarasenko.
13:38 of 2nd period - Stopped by Stuart Skinner without a rebound.
13:39 of 2nd period - Drew O'Connor wins face-off versus Kiefer Sherwood in Montreal Canadiens zone.
14:49 of 2nd period - Wrist shot by Tyler Bertuzzi.
14:49 of 2nd period - Shot Misses the Net.
14:55 of 2nd period - Snap shot by Ross Colton.
14:55 of 2nd period - Shot Misses the Net.
14:57 of 2nd period - Wrist shot by Erik Haula.
14:57 of 2nd period - Goal by Erik Haula - Arizona Coyotes : 1 - Montreal Canadiens : 2.
14:58 of 2nd period - Charlie Coyle wins face-off versus Jake Evans in neutral zone.
15:09 of 2nd period - Wrist shot by Anders Lee.
15:09 of 2nd period - Shot Misses the Net.
15:11 of 2nd period - Slapshot by Radko Gudas.
15:11 of 2nd period - Shot Blocked by Owen Power.
15:13 of 2nd period - Wrist shot by Radko Gudas.
15:13 of 2nd period - Shot Blocked by Martin Necas.
15:23 of 2nd period - Dylan Larkin is hit by Radko Gudas and loses puck.
15:35 of 2nd period - Slapshot by Brad Marchand.
15:35 of 2nd period - Stopped by Elvis Merzlikins without a rebound.
15:36 of 2nd period - Teddy Blueger wins face-off versus Anders Lee in Arizona Coyotes zone.
16:07 of 2nd period - Snap shot by Jake Evans.
16:07 of 2nd period - Shot Blocked by Matt Dumba.
16:42 of 2nd period - Slapshot by Ross Colton.
16:42 of 2nd period - Stopped by Stuart Skinner without a rebound.
16:43 of 2nd period - Ryan Poehling wins face-off versus Erik Haula in Montreal Canadiens zone.
17:08 of 2nd period - Erik Haula is hit by Martin Necas and loses puck.
17:21 of 2nd period - Wrist shot by Ondrej Palat.
17:21 of 2nd period - Goal by Ondrej Palat - Arizona Coyotes : 2 - Montreal Canadiens : 2.
17:22 of 2nd period - Charlie Coyle wins face-off versus Teddy Blueger in neutral zone.
17:27 of 2nd period - Wrist shot by Charlie Coyle.
17:27 of 2nd period - Shot Misses the Net.
17:39 of 2nd period - Wrist shot by Teddy Blueger.
17:39 of 2nd period - Shot Misses the Net.
18:40 of 2nd period - Snap shot by Patrik Laine.
18:40 of 2nd period - Shot Misses the Net.
18:42 of 2nd period - Snap shot by Patrik Laine.
18:42 of 2nd period - Stopped by Elvis Merzlikins with a rebound.
19:25 of 2nd period - Off-side.
19:26 of 2nd period - Aliaksei Protas wins face-off versus Jake Evans in neutral zone.
Goals for this period are 2 for Arizona Coyotes vs 2 for Montreal Canadiens.
Shots for this period are 15 for Arizona Coyotes vs 14 for Montreal Canadiens.
3rd period
0:01 of 3rd period - Macklin Celebrini wins face-off versus Ryan Donato in neutral zone.
0:04 of 3rd period - Vladimir Tarasenko is hit by Brad Marchand and loses puck.
0:27 of 3rd period - Justin Hryckowian is hit by Tyler Bertuzzi and loses puck.
0:31 of 3rd period - Icing by Arttu Hyry.
0:32 of 3rd period - Charlie Coyle wins face-off versus Teddy Blueger in Montreal Canadiens zone.
0:38 of 3rd period - Minor Penalty to Teddy Blueger for Hooking.
0:39 of 3rd period - Ryan Poehling wins face-off versus Aliaksei Protas in Montreal Canadiens zone.
0:51 of 3rd period - Wrist shot by Mats Zuccarello.
0:51 of 3rd period - Shot Misses the Net.
0:53 of 3rd period - Slapshot by Jared Spurgeon.
0:53 of 3rd period - Stopped by Stuart Skinner with a rebound.
0:55 of 3rd period - Slapshot by Jared Spurgeon.
0:55 of 3rd period - Shot Blocked by Damon Severson.
2:05 of 3rd period - Jake Evans is hit by Aliaksei Protas and loses puck.
2:26 of 3rd period - Josh Manson is hit by Charlie Coyle and loses puck.
2:38 of 3rd period - Penalty to Teddy Blueger is over, Teddy Blueger is back on ice.
2:47 of 3rd period - Brady Skjei is hit by Mats Zuccarello and loses puck.
5:43 of 3rd period - Lane Hutson is hit by Aliaksei Protas.
6:18 of 3rd period - Kiefer Sherwood is hit by Ryan Poehling and loses puck.
6:33 of 3rd period - Slapshot by Brad Marchand.
6:33 of 3rd period - Shot Misses the Net.
6:51 of 3rd period - Erik Haula is hit by Arttu Hyry and loses puck.
7:07 of 3rd period - Icing by Owen Power.
7:08 of 3rd period - Ryan Donato wins face-off versus Teddy Blueger in Montreal Canadiens zone.
7:11 of 3rd period - Slapshot by Mats Zuccarello.
7:11 of 3rd period - Shot Blocked by Owen Power.
7:15 of 3rd period - Slapshot by Mats Zuccarello.
7:15 of 3rd period - Stopped by Stuart Skinner with a rebound.
7:17 of 3rd period - Slapshot by Aliaksei Protas.
7:17 of 3rd period - Goal by Aliaksei Protas - Arizona Coyotes : 3 - Montreal Canadiens : 2.
7:18 of 3rd period - Charlie Coyle wins face-off versus Jake Evans in neutral zone.
7:22 of 3rd period - Martin Necas and Radko Gudas fight to a draw.
7:22 of 3rd period - Penalty to Martin Necas for Fighting.
7:22 of 3rd period - Penalty to Radko Gudas for Fighting.
7:23 of 3rd period - Charlie Coyle wins face-off versus Patrik Laine in neutral zone.
7:42 of 3rd period - Brady Skjei is hit by Anders Lee and loses puck.
8:18 of 3rd period - Vladimir Tarasenko is hit by Owen Power and loses puck.
8:27 of 3rd period - Slapshot by Arttu Hyry.
8:27 of 3rd period - Stopped by Elvis Merzlikins with a rebound.
8:29 of 3rd period - Slapshot by Brady Skjei.
8:29 of 3rd period - Stopped by Elvis Merzlikins with a rebound.
8:34 of 3rd period - Minor Penalty to Mason McTavish for Cross-checking.
8:35 of 3rd period - Macklin Celebrini wins face-off versus Mats Zuccarello in Arizona Coyotes zone.
8:35 of 3rd period - Backhand shot by Brad Marchand.
8:35 of 3rd period - Shot Misses the Net.
8:37 of 3rd period - Slapshot by Adam Fox.
8:37 of 3rd period - Deflect By Mats Zuccarello.
8:37 of 3rd period - Stopped by Elvis Merzlikins with a rebound.
8:47 of 3rd period - Slapshot by Brad Marchand.
8:47 of 3rd period - Shot Misses the Net.
9:18 of 3rd period - Johnathan Kovacevic is hit by Owen Power and loses puck.
10:34 of 3rd period - Penalty to Mason McTavish is over, Mason McTavish is back on ice.
10:54 of 3rd period - Wrist shot by Mason McTavish.
10:54 of 3rd period - Stopped by Stuart Skinner with a rebound.
11:16 of 3rd period - Wrist shot by Erik Haula.
11:16 of 3rd period - Shot Blocked by Drew O'Connor.
11:30 of 3rd period - Tyler Bertuzzi is hit by Brady Skjei.
11:41 of 3rd period - Icing by Mats Zuccarello.
11:42 of 3rd period - Mason McTavish wins face-off versus Jake Evans in Arizona Coyotes zone.
11:51 of 3rd period - Snap shot by Mason McTavish.
11:51 of 3rd period - Shot Misses the Net.
12:15 of 3rd period - Justin Hryckowian is hit by Ross Colton and loses puck.
12:36 of 3rd period - Mats Zuccarello is hit by Josh Manson and loses puck.
12:43 of 3rd period - Josh Manson is hit by Nick Seeler and loses puck.
12:54 of 3rd period - Mason McTavish is hit by Brad Marchand.
13:40 of 3rd period - Radko Gudas is hit by Lane Hutson.
14:04 of 3rd period - Macklin Celebrini is hit by Jared Spurgeon.
14:30 of 3rd period - Nick Seeler is hit by Drew O'Connor and loses puck.
14:41 of 3rd period - Jake Evans is hit by Matt Dumba and loses puck.
14:49 of 3rd period - Icing by Brady Skjei.
14:50 of 3rd period - Aliaksei Protas wins face-off versus Teddy Blueger in Montreal Canadiens zone.
15:39 of 3rd period - Slapshot by Johnathan Kovacevic.
15:39 of 3rd period - Shot Misses the Net.
16:05 of 3rd period - Wrist shot by Brad Marchand.
16:05 of 3rd period - Stopped by Elvis Merzlikins with a rebound.
16:25 of 3rd period - Wrist shot by Mats Zuccarello.
16:25 of 3rd period - Deflect By Adam Fox.
16:25 of 3rd period - Shot Misses the Net.
16:25 of 3rd period - Puck is out of play.
16:26 of 3rd period - Ryan Poehling wins face-off versus Aliaksei Protas in Montreal Canadiens zone.
16:31 of 3rd period - Wrist shot by Patrik Laine.
16:31 of 3rd period - Shot Misses the Net.
16:39 of 3rd period - Tyler Bertuzzi is hit by Ryan Poehling and loses puck.
17:22 of 3rd period - Wrist shot by Erik Haula.
17:22 of 3rd period - Goal by Erik Haula - Arizona Coyotes : 4 - Montreal Canadiens : 2.
17:23 of 3rd period - Vladimir Tarasenko wins face-off versus Ryan Poehling in neutral zone.
17:48 of 3rd period - Damon Severson is hit by Ross Colton and loses puck.
18:14 of 3rd period - Radko Gudas is hit by Adam Fox and loses puck.
18:45 of 3rd period - Dylan Larkin is hit by Ryan Donato and loses puck.
19:24 of 3rd period - Wrist shot by Justin Hryckowian.
19:24 of 3rd period - Stopped by Elvis Merzlikins with a rebound.
19:26 of 3rd period - Snap shot by Arttu Hyry.
19:26 of 3rd period - Deflect By Teddy Blueger.
19:26 of 3rd period - Shot Misses the Net.
19:26 of 3rd period - Puck is out of play.
19:27 of 3rd period - Teddy Blueger wins face-off versus Aliaksei Protas in Arizona Coyotes zone.
19:30 of 3rd period - Snap shot by Arttu Hyry.
19:30 of 3rd period - Shot Blocked by Mats Zuccarello.
19:32 of 3rd period - Slapshot by Arttu Hyry.
19:32 of 3rd period - Deflect By Mats Zuccarello.
19:32 of 3rd period - Shot Misses the Net.
19:32 of 3rd period - Puck is out of play.
19:33 of 3rd period - Teddy Blueger wins face-off versus Mason McTavish in Arizona Coyotes zone.
19:48 of 3rd period - Snap shot by Mason McTavish.
19:48 of 3rd period - Shot Blocked by Owen Power.
19:58 of 3rd period - Wrist shot by Justin Hryckowian.
19:58 of 3rd period - Shot Blocked by Brayden McNabb.
Goals for this period are 2 for Arizona Coyotes vs 0 for Montreal Canadiens.
Shots for this period are 5 for Arizona Coyotes vs 5 for Montreal Canadiens.
Back to the Top